 Dungeon Crawl Stone Soup version 0.29-a0-911-g88e6f02907 (webtiles) character file.

Game seed: 7914890299017662099

144 omnesmortales the Grave Robber (level 5, -1/28 HPs)
             Began as a Deep Elf Necromancer on July 16, 2022.
             Killed from afar by an orc wizard (3 damage)
             ... with a magic dart
             ... on level 3 of the Dungeon on July 25, 2022.
             The game lasted 00:19:33 (2530 turns).

omnesmortales the Grave Robber (DENe)               Turns: 2530, Time: 00:19:34

Health: -1/28      AC:  6    Str:  5    XL:     5   Next: 5%
Magic:  12/14      EV: 12    Int: 22    God:
Gold:   81         SH:  0    Dex: 15    Spells: 10/14 levels left

rFire   . . .      SeeInvis .   f - +0 dagger (venom)
rCold   . . .      Faith    .   (no shield)
rNeg    . . .      Spirit   .   a - +0 robe
rPois   .          Reflect  .   (no helmet)
rElec   .          Harm     .   o - +0 cloak
rCorr   .          Rampage  +   h - +0 pair of gloves
Will    .....                   g - +1 pair of boots {rampage}
Stlth   ++........              j - amulet of magic regeneration
HPRegen 0.09/turn               (no ring)
MPRegen 0.54/turn               (no ring)

@: no status effects
A: no striking features
a: no special abilities


You were on level 3 of the Dungeon.
You visited 1 branch of the dungeon, and saw 3 of its levels.

You collected 81 gold pieces.

Inventory:

Hand Weapons
 d - a +0 whip
 f - a +0 dagger of venom (weapon)
Armour
 a - a +0 robe (worn)
 g - a +1 pair of boots of rampaging (worn)
 h - a +0 pair of gloves (worn)
 o - a +0 cloak (worn)
Jewellery
 j - an amulet of magic regeneration (around neck)
Wands
 i - a wand of paralysis (7)
Scrolls
 e - a scroll of brand weapon {unknown}
 l - a scroll of amnesia {unknown}
 p - a scroll of teleportation {unknown}
Potions
 b - a potion of magic
 c - a potion of mutation {unknown}
 k - a potion of curing {unknown}
 m - a potion of lignification {unknown}
 n - 2 potions of resistance {unknown}


   Skills:
 + Level 0.2 Fighting
 + Level 0.3 Short Blades
 + Level 2.6 Dodging
 + Level 2.9 Stealth
 + Level 5.0 Spellcasting
 + Level 6.3 Necromancy


You had 10 spell levels left.
You knew the following spells:

 Your Spells              Type           Power      Damage    Failure   Level
a - Necrotise             Necr           100%       1d9       1%          1
b - Vampiric Draining     Necr           33%        2d8       2%          3

Your spell library contained the following spells:

 Spells                   Type           Power      Damage    Failure   Level
 Animate Dead             Necr           33%        N/A       8%          4
 Agony                    Necr           33%        N/A       21%         5
 Call Canine Familiar     Summ           5%         N/A       30%         3
 Portal Projectile        Hex/Tloc       10%        N/A       30%         3
 Leda's Liquefaction      Hex/Erth       2%         N/A       69%         4


Dungeon Overview and Level Annotations

Branches:
Dungeon (3/15)

Altars:


Message History

Confirm with . or Enter, or press ? or * to list all spells.
Aiming: Vampiric Draining (dangerous; 2% risk of failure)
Press: ? - help, Shift-Dir - straight line, f - rat, p - orc wizard
Aim: a rat
Okay, then.
Casting: Vampiric Draining (dangerous; 2% risk of failure)
Confirm with . or Enter, or press ? or * to list all spells.
Aiming: Necrotise (safe; 1% risk of failure)
Press: ? - help, Shift-Dir - straight line, f/p - orc wizard
Aim: an orc wizard, wielding a +0 dagger and wearing a +0 robe (chance to affect: 83%)
The orc wizard writhes in agony.
The adder hisses angrily.
Something hits you but does no damage. The rat barely misses you.
Casting: Necrotise (safe; 1% risk of failure)
Confirm with . or Enter, or press ? or * to list all spells.
Aiming: Necrotise (safe; 1% risk of failure)
Press: ? - help, Shift-Dir - straight line, f/p - orc wizard
Aim: an orc wizard, wielding a +0 dagger and wearing a +0 robe (moderately wounded, chance to affect: 83%)
The orc wizard writhes in agony.
The orc wizard hits you with a +0 dagger.
Something barely misses you. The rat bites you. The rat bites you.
The orc wizard points at you and mumbles some strange words.
The puff of flame hits you! The rat attacks as you move away!
The rat barely misses you.
The rat twitches its whiskers.
Casting: Necrotise (safe; 1% risk of failure)
Confirm with . or Enter, or press ? or * to list all spells.
Aiming: Vampiric Draining (dangerous; 2% risk of failure)
Press: ? - help, Shift-Dir - straight line, f - rat, p - orc wizard
Aim: a rat You draw life force from the rat!
You kill the rat!
You feel life coursing into your body.
The orc wizard gestures at you while chanting.
The magic dart hits you!
* * * LOW HITPOINT WARNING * * *
A magic dart appears from out of thin air!
The magic dart hits you.
You die...

####################
###.............)....#
#........So.$..#####.#
#.#......{###.##
#.#.............#
#####......@#.###.#.#
............#.# #.#.#
..##.†.....#.###.# .
#.#...........# ##
#.##.....###.#####
#......)......#
#######.<###..#
#....#..# #.#.......


You could see an orc wizard and an adder.

Vanquished Creatures
  A scorpion (D:3)
  A jelly (D:2)
  An orc (D:3)
  4 bats
  An endoplasm (D:1)
  2 giant cockroaches (D:2)
  5 goblins
  4 hobgoblins
  3 jackals (D:2)
  7 kobolds
  4 quokkas
  2 ball pythons
  4 frilled lizards
  2 rats
41 creatures vanquished.

Vanquished Creatures (collateral kills)
  An endoplasm (D:2)
  A ball python (D:3)
2 creatures vanquished.

Vanquished Creatures (others)
  5 toadstools (D:1)
5 creatures vanquished.

Grand Total: 48 creatures vanquished

Notes
Turn   | Place    | Note
-------+----------+-------------------------------------------
     0 | D:1      | omnesmortales the Deep Elf Necromancer began the quest for
                  | the Orb.
     0 | D:1      | Reached XP level 1. HP: 10/10 MP: 6/6
    79 | D:1      | Reached skill level 5 in Necromancy
   390 | D:1      | Found a faded altar of an unknown god.
   404 | D:1      | Reached XP level 2. HP: 15/15 MP: 6/8
  1555 | D:2      | Reached XP level 3. HP: 19/19 MP: 8/10
  1912 | D:2      | Reached XP level 4. HP: 2/24 MP: 8/12
  2346 | D:2      | Upgraded the game from 0.29-a0-845-g6161e89988 to
                  | 0.29-a0-902-g0f71de6fce
  2380 | D:3      | Noticed a scorpion
  2390 | D:2      | Upgraded the game from 0.29-a0-902-g0f71de6fce to
                  | 0.29-a0-911-g88e6f02907
  2394 | D:2      | Learned a level 3 spell: Vampiric Draining
  2474 | D:3      | Killed a scorpion
  2475 | D:3      | Reached skill level 5 in Spellcasting
  2475 | D:3      | Reached skill level 6 in Necromancy
  2475 | D:3      | Reached XP level 5. HP: 24/28 MP: 12/14
  2530 | D:3      | Killed from afar by an orc wizard

Illustrated notes

Levels and vault maps discovered:
D:1:      ldierk_walled_garden, layout_loops_corners,
          ebering_ecumenical_altar_sacrificial
D:2:      layout_basic
D:3:      layout_loops_ring, gammafunk_ghost_gnarly_gnolls

Skill      XL: |  1  2  3  4 |
---------------+-------------+-----
Necromancy     | 5 6 |  6.3
Spellcasting   | 4 5 |  5.0
Fighting       | |  0.2
Short Blades   | |  0.3
Dodging        | |  2.6
Stealth        | |  2.9

Action                   |  1- 3 |  4- 6 || total
-------------------------+-------+-------++-------
Melee: Dagger            |     2 |     3 ||     5
 Cast: Necrotise         |    50 |    13 ||    63
       Vampiric Draining |       |     3 ||     3
Evoke: Wand              |       |     1 ||     1
 Stab: Paralysed         |       |     2 ||     2
Armor: Robe              |     2 |    14 ||    16
Dodge: Dodged            |     4 |    39 ||    43

Table legend: (Time is in decaauts)
 A = Elapsed time spent in this place.
 B = Non-inter-level travel time spent in this place.
 C = Inter-level travel time spent in this place.
 D = Time resting spent in this place.
 E = Time spent auto-exploring this place.
 F = Levels seen in this place.
 G = Mean time per level.
                   A        B        C        D        E       F      G
               +--------+--------+--------+--------+--------+-----+--------+
         Total |   2531 |   2531 |      0 |    580 |   1179 |   3 |  843.7 |
       Dungeon |   2531 |   2531 |      0 |    580 |   1179 |   3 |  843.7 |
               +--------+--------+--------+--------+--------+-----+--------+

Top non-repeatable levels by time:
     D:2: 1521 daAuts
     D:1: 938 daAuts
     D:3: 71 daAuts
